Oilers vs Canucks

Created - March 28, 2016 at 18:51

Goals
1 2 3 T
Oilers 1 1 1 3
Canucks 2 2 2 6
Shots
1 2 3 T
Oilers 3 12 15 30
Canucks 7 12 8 27

1st period

1. Canucks , Phil Kessel 13 (Erik Karlsson, Brent Burns) at 2:55 (PP)
2. Canucks , Jimmy Hayes 8 (Marcus Kruger, Brent Burns) at 6:25
3. Oilers , Justin Williams 16 (Aleksander Barkov, Brian Campbell) at 8:29

Penalties :
Justin Williams (EDM) for Hooking (Minor) at 1:29, Ryan Johansen (VAN) for High sticking (Minor) at 9:16

2nd period

4. Canucks , Claude Giroux 25 (Jonas Brodin, Ryan Johansen) at 0:14
5. Oilers , Gabriel Landeskog 35 (Thomas Hickey) at 0:38
6. Canucks , Logan Couture 25 (Brent Burns, Ryan Johansen) at 13:03

Penalties :
Ryan Johansen (VAN) for Interference (Minor) at 6:47, Jeff Schultz (EDM) for Hooking (Minor) at 9:03

3rd period

7. Canucks , Logan Couture 26 (Ryan Johansen) at 0:04
8. Oilers , Marco Scandella 14 (Justin Williams, Gabriel Landeskog) at 2:28
9. Canucks , Brent Burns 5 (Erik Karlsson, Claude Giroux) at 17:30 (PP)

Penalties :
Jeff Schultz (EDM) for Roughing (Minor) at 16:09, Chris Kreider (VAN) for Hooking (Minor) at 19:12

Goalie Stats

Viktor Fasth (EDM), 8 saves from 10 shots - (0.800), 26:57 minutes
Antti Raanta (EDM), 13 saves from 17 shots - (0.765), L, 8-16-4, 33:03 minutes
Henrik Lundqvist (VAN), 27 saves from 30 shots - (0.900), W, 31-24-7, 60:00 minutes

Players Stats for Oilers

Player Name              G  A  P  +/- PIM S  H  SB GA TA FO     MP     PP MP  PK MP  
------------------------------------------------------------------------------------
Aleksander Barkov        0  1  1   2  0   2  0  0  0  0  11/24  17:25   2:29   0:16 
Bo Horvat                0  0  0  -1  0   1  0  0  0  0  4/6     5:33   0:00   0:00 
Brian Campbell           0  1  1   0  0   1  0  0  0  0  0/0    22:42   2:42   3:19 
Dominic Moore            0  0  0  -2  0   1  0  0  0  0  4/7    16:08   0:00   2:43 
Gabriel Landeskog        1  1  2   0  0   5  1  0  0  0  1/2    21:30   1:57   0:00 
Jay Beagle               0  0  0  -2  0   0  2  0  0  0  8/16   12:25   0:00   0:00 
Jeff Schultz             0  0  0   0  4   0  2  1  0  0  0/0    13:44   0:00   0:00 
Justin Williams          1  1  2   2  2   3  2  0  0  0  0/0    17:08   2:29   0:00 
Marc-Edouard Vlasic      0  0  0  -1  0   2  0  1  0  0  0/0    23:32   2:03   1:27 
Marco Scandella          1  0  1  -1  0   2  3  2  0  0  0/0    23:32   2:03   1:27 
Mathew Dumba             0  0  0   0  0   2  1  0  0  0  0/0    14:05   0:19   0:00 
Matt Read                0  0  0   1  0   1  3  0  0  0  0/0    22:04   2:16   1:17 
Matthew Nieto            0  0  0  -1  0   3  0  0  0  0  0/1    14:45   0:48   0:00 
Michael Grabner          0  0  0   0  0   0  2  0  0  0  0/0    10:35   2:00   0:36 
Scottie Upshall          0  0  0   0  0   0  0  0  0  0  0/0     0:00   0:00   0:00 
Thomas Hickey            0  1  1   0  0   0  2  4  0  0  0/0    22:23   2:23   3:19 
Tomas Fleischmann        0  0  0  -2  0   1  1  0  0  0  0/0    15:30   0:00   2:37 
Tyler Bozak              0  0  0   0  0   6  0  0  0  0  13/22  22:10   2:16   2:03 

Players Stats for Canucks

Player Name              G  A  P  +/- PIM S  H  SB GA TA FO     MP     PP MP  PK MP  
------------------------------------------------------------------------------------
Adam Henrique            0  0  0   0  0   3  1  0  0  0  0/0    21:27   2:52   2:41 
Alex Pietrangelo         0  0  0   0  0   0  1  1  0  0  0/0    21:37   2:38   2:13 
Andrei Markov            0  0  0   1  0   1  1  0  0  0  0/0    22:32   2:38   2:00 
Brent Burns              1  3  4   0  0   3  1  1  0  0  0/0    19:03   2:08   0:00 
Chris Kreider            0  0  0   0  2   0  2  0  0  0  0/0    15:05   0:40   0:40 
Claude Giroux            1  1  2   1  0   7  2  0  0  0  12/26  22:51   1:54   1:47 
Erik Karlsson            0  2  2   0  0   2  3  0  0  0  0/0    24:23   2:08   1:46 
Evgeny Kuznetsov         0  0  0   0  0   0  0  0  0  0  1/5     3:32   2:52   0:00 
Jimmy Hayes              1  0  1   0  0   1  2  0  0  0  1/1    13:46   0:00   0:00 
Jonas Brodin             0  1  1   1  0   0  0  2  0  0  0/0    21:11   0:00   1:26 
Logan Couture            2  0  2   0  0   2  3  0  0  0  0/1    18:47   1:54   0:00 
Marcus Kruger            0  1  1   0  0   0  0  0  0  0  9/19   15:33   0:00   1:47 
Matt Cooke               0  0  0   0  0   0  0  0  0  0  0/0     3:15   0:00   2:35 
Phil Kessel              1  0  1   0  0   4  0  0  0  0  0/2    19:05   2:12   0:00 
Reilly Smith             0  0  0   1  0   0  0  0  0  0  0/0     3:56   0:00   0:00 
Ryan Johansen            0  3  3   1  4   2  2  0  0  0  12/21  22:41   1:54   0:00 
Ryan Strome              0  0  0   0  0   2  1  0  0  0  2/3    15:54   0:00   0:00 
Simon Despres            0  0  0   0  0   0  1  1  0  0  0/0    10:34   0:00   2:05 

3 Stars

1 - Brent Burns (VAN)
2 - Logan Couture (VAN)
3 - Claude Giroux (VAN)

Power Play

Oilers - 0 on 3 Attempt(s) - 0.00%
Canucks - 2 on 3 Attempt(s) - 66.67%

Penalty Kill

Oilers - 1 on 3 Attempt(s) - 33.33% - Score 0 goal in Penalty Kill
Canucks - 3 on 3 Attempt(s) - 100.00% - Score 0 goal in Penalty Kill

Team Stat

Oilers - Hits : 19 - Faceoff Wins : 41 - Blocked Shots : 8 - Penalty Minutes : 6
Canucks - Hits : 20 - Faceoff Wins : 37 - Blocked Shots : 5 - Penalty Minutes : 6

Official

Referees : Dave Jackson and Brad Watson
Linesman : Lonnie Cameron and Mark Shewchyk

Game Notes

Michael Grabner is injured at 10:14 of 2nd period (Sports Hernia)
Viktor Fasth enters game at 13:03 of 2nd period
Simon Despres is injured at 18:56 of 2nd period (Groin)

Finance

Level 1 -- Attendance: 5953 (91.58%) -- Ticket Income $476,240
Level 2 -- Attendance: 4548 (90.96%) -- Ticket Income $295,620
Level 3 -- Attendance: 3001 (85.74%) -- Ticket Income $150,050
Level 4 -- Attendance: 2910 (100.00%) -- Ticket Income $72,750
Luxury Box -- Attendance: 634 (63.40%) -- Ticket Income $158,500
Game was played at the Rogers Arena.
Total Attendance: 17046 (90.14%)
Total Ticket Income: $1,153,160
Other Income: $172,974
Total Income: $1,326,134

% Time on Ice - Oilers

Lines # - Real PCT - Wanted PCT - Time Play
Normal Forward
1 - 35% - 33% - 17:51
2 - 29% - 32% - 14:40
3 - 25% - 19% - 12:25
4 - 11% - 16% - 5:33
Normal Defense
1 - 36% - 35% - 18:03
2 - 33% - 34% - 16:41
3 - 27% - 26% - 13:46
4 - 4% - 5% - 1:59
PP Forward
1 - 48% - 50% - 2:16
2 - 52% - 50% - 2:29
PP Defense
1 - 43% - 50% - 2:03
2 - 57% - 50% - 2:42
PK Forward
1 - 51% - 50% - 2:27
2 - 49% - 50% - 2:19
PK Defense
1 - 30% - 50% - 1:27
2 - 70% - 50% - 3:19
PK3 Forward
1 - 0% - 50%
2 - 0% - 50%
PK3 Defense
1 - 0% - 60%
2 - 0% - 40%
44 Forward
1 - 0% - 50%
2 - 0% - 50%
44 Defense
1 - 0% - 60%
2 - 0% - 40%
Last Minute Offensive  - 0:00
Last Minute Defensive  - 0:00
Total
Forward - 60:00
Defense - 60:00

% Time on Ice - Canucks

Lines # - Real PCT - Wanted PCT - Time Play
Normal Forward
1 - 33% - 36% - 16:53
2 - 31% - 34% - 15:54
3 - 27% - 18% - 13:46
4 - 8% - 12% - 3:56
Normal Defense
1 - 32% - 35% - 16:12
2 - 33% - 32% - 16:46
3 - 31% - 27% - 15:45
4 - 3% - 6% - 1:46
PP Forward
1 - 40% - 57% - 1:54
2 - 60% - 43% - 2:52
PP Defense
1 - 45% - 53% - 2:08
2 - 55% - 47% - 2:38
PK Forward
1 - 62% - 55% - 2:58
2 - 38% - 45% - 1:47
PK Defense
1 - 47% - 50% - 2:13
2 - 53% - 50% - 2:32
PK3 Forward
1 - 0% - 52%
2 - 0% - 48%
PK3 Defense
1 - 0% - 51%
2 - 0% - 49%
44 Forward
1 - 0% - 55%
2 - 0% - 45%
44 Defense
1 - 0% - 52%
2 - 0% - 48%
Last Minute Offensive  - 0:00
Last Minute Defensive  - 0:00
Total
Forward - 60:00
Defense - 60:00

Play by Play

1st period


0:01 of 1st period - Tyler Bozak wins face-off versus Ryan Johansen in neutral zone.
0:15 of 1st period - Matt Read is hit by Andrei Markov.
1:29 of 1st period - Minor Penalty to Justin Williams for Hooking.
1:30 of 1st period - Evgeny Kuznetsov wins face-off versus Dominic Moore in Oilers zone.
1:47 of 1st period - Shot by Adam Henrique.
1:47 of 1st period - Shot Misses the Net.
2:09 of 1st period - Shot by Brent Burns.
2:09 of 1st period - Stopped by Antti Raanta without a rebound.
2:10 of 1st period - Claude Giroux wins face-off versus Tyler Bozak in Oilers zone.
2:11 of 1st period - Shot by Alex Pietrangelo.
2:11 of 1st period - Shot Misses the Net.
2:13 of 1st period - Shot by Alex Pietrangelo.
2:13 of 1st period - Shot Misses the Net.
2:15 of 1st period - Shot by Andrei Markov.
2:15 of 1st period - Shot Blocked by Thomas Hickey.
2:17 of 1st period - Shot by Alex Pietrangelo.
2:17 of 1st period - Shot Blocked by Thomas Hickey.
2:19 of 1st period - Shot by Andrei Markov.
2:19 of 1st period - Shot Misses the Net.
2:21 of 1st period - Shot by Alex Pietrangelo.
2:21 of 1st period - Shot Misses the Net.
2:23 of 1st period - Shot by Andrei Markov.
2:23 of 1st period - Stopped by Antti Raanta with a rebound.
2:55 of 1st period - Shot by Phil Kessel.
2:55 of 1st period - Goal by Phil Kessel - Oilers : 0 - Canucks : 1.
2:56 of 1st period - Marcus Kruger wins face-off versus Aleksander Barkov in neutral zone.
3:23 of 1st period - Gabriel Landeskog is hit by Simon Despres and loses puck.
3:55 of 1st period - Icing by Mathew Dumba.
3:56 of 1st period - Ryan Strome wins face-off versus Aleksander Barkov in Oilers zone.
3:56 of 1st period - Ryan Strome is hit by Jeff Schultz.
4:15 of 1st period - Mathew Dumba is hit by Ryan Strome and loses puck.
4:21 of 1st period - Mathew Dumba is hit by Erik Karlsson and loses puck.
4:35 of 1st period - Claude Giroux is hit by Marco Scandella and loses puck.
4:41 of 1st period - Jay Beagle is hit by Alex Pietrangelo and loses puck.
6:02 of 1st period - Shot by Marcus Kruger.
6:02 of 1st period - Shot Blocked by Marc-Edouard Vlasic.
6:14 of 1st period - Chris Kreider is hit by Marco Scandella and loses puck.
6:25 of 1st period - Shot by Jimmy Hayes.
6:25 of 1st period - Goal by Jimmy Hayes - Oilers : 0 - Canucks : 2.
6:26 of 1st period - Claude Giroux wins face-off versus Tyler Bozak in neutral zone.
6:28 of 1st period - Alex Pietrangelo is hit by Thomas Hickey.
6:38 of 1st period - Shot by Adam Henrique.
6:38 of 1st period - Shot Misses the Net.
6:40 of 1st period - Shot by Adam Henrique.
6:40 of 1st period - Shot Misses the Net.
6:42 of 1st period - Shot by Alex Pietrangelo.
6:42 of 1st period - Shot Misses the Net.
7:07 of 1st period - Shot by Ryan Strome.
7:07 of 1st period - Shot Misses the Net.
7:11 of 1st period - Shot by Claude Giroux.
7:11 of 1st period - Deflect By Ryan Strome.
7:11 of 1st period - Shot Blocked by Thomas Hickey.
7:32 of 1st period - Off-side.
7:33 of 1st period - Bo Horvat wins face-off versus Marcus Kruger in neutral zone.
8:29 of 1st period - Shot by Justin Williams.
8:29 of 1st period - Goal by Justin Williams - Oilers : 1 - Canucks : 2.
8:30 of 1st period - Aleksander Barkov wins face-off versus Claude Giroux in neutral zone.
8:30 of 1st period - Justin Williams is hit by Ryan Johansen and loses puck.
9:16 of 1st period - Minor Penalty to Ryan Johansen for High sticking.
9:17 of 1st period - Marcus Kruger wins face-off versus Aleksander Barkov in Canucks zone.
9:28 of 1st period - Shot by Aleksander Barkov.
9:28 of 1st period - Shot Blocked by Jonas Brodin.
10:09 of 1st period - Andrei Markov is hit by Gabriel Landeskog and loses puck.
10:28 of 1st period - Shot by Gabriel Landeskog.
10:28 of 1st period - Shot Misses the Net.
10:51 of 1st period - Shot by Mathew Dumba.
10:51 of 1st period - Stopped by Henrik Lundqvist without a rebound.
10:52 of 1st period - Marcus Kruger wins face-off versus Aleksander Barkov in Canucks zone.
11:57 of 1st period - Shot by Ryan Johansen.
11:57 of 1st period - Shot Misses the Net.
12:15 of 1st period - Shot by Claude Giroux.
12:15 of 1st period - Shot Misses the Net.
12:35 of 1st period - Shot by Adam Henrique.
12:35 of 1st period - Shot Misses the Net.
12:48 of 1st period - Ryan Strome is hit by Jeff Schultz and loses puck.
13:36 of 1st period - Jimmy Hayes is hit by Michael Grabner and loses puck.
14:22 of 1st period - Off-side.
14:23 of 1st period - Claude Giroux wins face-off versus Aleksander Barkov in neutral zone.
14:40 of 1st period - Shot by Aleksander Barkov.
14:40 of 1st period - Stopped by Henrik Lundqvist with a rebound.
15:06 of 1st period - Shot by Aleksander Barkov.
15:06 of 1st period - Shot Blocked by Jonas Brodin.
15:26 of 1st period - Shot by Ryan Johansen.
15:26 of 1st period - Stopped by Antti Raanta without a rebound.
15:27 of 1st period - Bo Horvat wins face-off versus Ryan Johansen in Oilers zone.
15:55 of 1st period - Shot by Phil Kessel.
15:55 of 1st period - Stopped by Antti Raanta without a rebound.
15:56 of 1st period - Tyler Bozak wins face-off versus Marcus Kruger in Oilers zone.
15:56 of 1st period - Tyler Bozak is hit by Chris Kreider.
15:59 of 1st period - Jeff Schultz is hit by Chris Kreider and loses puck.
16:03 of 1st period - Off-side.
16:04 of 1st period - Jay Beagle wins face-off versus Marcus Kruger in neutral zone.
16:16 of 1st period - Icing by Andrei Markov.
16:17 of 1st period - Jimmy Hayes wins face-off versus Matthew Nieto in Canucks zone.
16:49 of 1st period - Chris Kreider is hit by Mathew Dumba and loses puck.
17:35 of 1st period - Shot by Claude Giroux.
17:35 of 1st period - Stopped by Antti Raanta without a rebound.
17:36 of 1st period - Jay Beagle wins face-off versus Phil Kessel in Oilers zone.
17:51 of 1st period - Shot by Tomas Fleischmann.
17:51 of 1st period - Shot Misses the Net.
17:59 of 1st period - Icing by Dominic Moore.
18:00 of 1st period - Jay Beagle wins face-off versus Claude Giroux in Oilers zone.
18:06 of 1st period - Off-side.
18:07 of 1st period - Tyler Bozak wins face-off versus Claude Giroux in neutral zone.
19:17 of 1st period - Ryan Johansen is hit by Marco Scandella and loses puck.
19:38 of 1st period - Brian Campbell is hit by Logan Couture and loses puck.
Goals for this period are 1 for Oilers vs 2 for Canucks.
Shots for this period are 3 for Oilers vs 7 for Canucks.

2nd period


0:01 of 2nd period - Aleksander Barkov wins face-off versus Claude Giroux in neutral zone.
0:10 of 2nd period - Shot by Claude Giroux.
0:10 of 2nd period - Stopped by Antti Raanta with a rebound.
0:14 of 2nd period - Shot by Claude Giroux.
0:14 of 2nd period - Goal by Claude Giroux - Oilers : 1 - Canucks : 3.
0:15 of 2nd period - Claude Giroux wins face-off versus Tyler Bozak in neutral zone.
0:15 of 2nd period - Claude Giroux is hit by Michael Grabner.
0:23 of 2nd period - Shot by Adam Henrique.
0:23 of 2nd period - Stopped by Antti Raanta without a rebound.
0:24 of 2nd period - Aleksander Barkov wins face-off versus Ryan Johansen in Oilers zone.
0:38 of 2nd period - Shot by Gabriel Landeskog.
0:38 of 2nd period - Goal by Gabriel Landeskog - Oilers : 2 - Canucks : 3.
0:39 of 2nd period - Tyler Bozak wins face-off versus Claude Giroux in neutral zone.
0:44 of 2nd period - Shot by Tyler Bozak.
0:44 of 2nd period - Shot Misses the Net.
0:51 of 2nd period - Off-side.
0:52 of 2nd period - Ryan Johansen wins face-off versus Aleksander Barkov in neutral zone.
0:52 of 2nd period - Ryan Johansen is hit by Justin Williams.
0:56 of 2nd period - Shot by Phil Kessel.
0:56 of 2nd period - Stopped by Antti Raanta without a rebound.
0:57 of 2nd period - Aleksander Barkov wins face-off versus Ryan Strome in Oilers zone.
0:59 of 2nd period - Icing by Gabriel Landeskog.
1:00 of 2nd period - Claude Giroux wins face-off versus Aleksander Barkov in Oilers zone.
1:11 of 2nd period - Shot by Ryan Strome.
1:11 of 2nd period - Stopped by Antti Raanta with a rebound.
1:21 of 2nd period - Shot by Claude Giroux.
1:21 of 2nd period - Shot Misses the Net.
1:29 of 2nd period - Shot by Justin Williams.
1:29 of 2nd period - Shot Misses the Net.
1:31 of 2nd period - Shot by Gabriel Landeskog.
1:31 of 2nd period - Stopped by Henrik Lundqvist without a rebound.
1:32 of 2nd period - Tyler Bozak wins face-off versus Ryan Johansen in Canucks zone.
2:04 of 2nd period - Shot by Tyler Bozak.
2:04 of 2nd period - Deflect By Michael Grabner.
2:04 of 2nd period - Shot Misses the Net.
2:08 of 2nd period - Shot by Matt Read.
2:08 of 2nd period - Deflect By Tyler Bozak.
2:08 of 2nd period - Stopped by Henrik Lundqvist without a rebound.
2:09 of 2nd period - Aleksander Barkov wins face-off versus Claude Giroux in Canucks zone.
2:46 of 2nd period - Off-side.
2:47 of 2nd period - Ryan Johansen wins face-off versus Jay Beagle in neutral zone.
3:00 of 2nd period - Shot by Logan Couture.
3:00 of 2nd period - Shot Blocked by Marco Scandella.
3:27 of 2nd period - Icing by Andrei Markov.
3:28 of 2nd period - Bo Horvat wins face-off versus Logan Couture in Canucks zone.
3:52 of 2nd period - Icing by Thomas Hickey.
3:53 of 2nd period - Claude Giroux wins face-off versus Bo Horvat in Oilers zone.
4:02 of 2nd period - Shot by Adam Henrique.
4:02 of 2nd period - Shot Misses the Net.
4:20 of 2nd period - Shot by Matthew Nieto.
4:20 of 2nd period - Shot Misses the Net.
5:07 of 2nd period - Shot by Marco Scandella.
5:07 of 2nd period - Shot Misses the Net.
5:09 of 2nd period - Shot by Tyler Bozak.
5:09 of 2nd period - Stopped by Henrik Lundqvist without a rebound.
5:10 of 2nd period - Ryan Johansen wins face-off versus Jay Beagle in Canucks zone.
5:10 of 2nd period - Ryan Johansen is hit by Jay Beagle.
5:34 of 2nd period - Shot by Ryan Johansen.
5:34 of 2nd period - Stopped by Antti Raanta without a rebound.
5:35 of 2nd period - Aleksander Barkov wins face-off versus Marcus Kruger in Oilers zone.
5:35 of 2nd period - Aleksander Barkov is hit by Jimmy Hayes.
6:39 of 2nd period - Marc-Edouard Vlasic is hit by Jimmy Hayes and loses puck.
6:47 of 2nd period - Minor Penalty to Ryan Johansen for Interference.
6:48 of 2nd period - Tyler Bozak wins face-off versus Claude Giroux in Canucks zone.
6:49 of 2nd period - Shot by Marco Scandella.
6:49 of 2nd period - Shot Misses the Net.
6:54 of 2nd period - Gabriel Landeskog is hit by Erik Karlsson.
8:09 of 2nd period - Icing by Aleksander Barkov.
8:10 of 2nd period - Marcus Kruger wins face-off versus Aleksander Barkov in Oilers zone.
9:03 of 2nd period - Minor Penalty to Jeff Schultz for Hooking.
9:04 of 2nd period - Ryan Johansen wins face-off versus Dominic Moore in Oilers zone.
9:27 of 2nd period - Shot by Erik Karlsson.
9:27 of 2nd period - Stopped by Antti Raanta without a rebound.
9:28 of 2nd period - Tyler Bozak wins face-off versus Evgeny Kuznetsov in Oilers zone.
9:48 of 2nd period - Shot by Alex Pietrangelo.
9:48 of 2nd period - Shot Misses the Net.
10:05 of 2nd period - Icing by Evgeny Kuznetsov.
10:06 of 2nd period - Dominic Moore wins face-off versus Phil Kessel in Canucks zone.
10:13 of 2nd period - Michael Grabner is hit by Adam Henrique and loses puck.
10:14 of 2nd period - Michael Grabner from Oilers is injured at 10:14 of 2nd period (Sports Hernia).
10:15 of 2nd period - Dominic Moore wins face-off versus Claude Giroux in Oilers zone.
10:34 of 2nd period - Logan Couture is hit by Tomas Fleischmann.
10:50 of 2nd period - Shot by Claude Giroux.
10:50 of 2nd period - Stopped by Antti Raanta without a rebound.
10:51 of 2nd period - Tyler Bozak wins face-off versus Evgeny Kuznetsov in Oilers zone.
12:04 of 2nd period - Shot by Phil Kessel.
12:04 of 2nd period - Stopped by Antti Raanta without a rebound.
12:05 of 2nd period - Tyler Bozak wins face-off versus Claude Giroux in Oilers zone.
12:25 of 2nd period - Marco Scandella is hit by Erik Karlsson and loses puck.
12:34 of 2nd period - Shot by Tyler Bozak.
12:34 of 2nd period - Stopped by Henrik Lundqvist without a rebound.
12:35 of 2nd period - Jay Beagle wins face-off versus Ryan Johansen in Canucks zone.
12:48 of 2nd period - Jay Beagle is hit by Logan Couture and loses puck.
13:03 of 2nd period - Shot by Logan Couture.
13:03 of 2nd period - Goal by Logan Couture - Oilers : 2 - Canucks : 4.
13:03 of 2nd period - Viktor Fasth enters game.
13:04 of 2nd period - Claude Giroux wins face-off versus Tyler Bozak in neutral zone.
13:53 of 2nd period - Claude Giroux is hit by Matt Read and loses puck.
14:03 of 2nd period - Icing by Erik Karlsson.
14:04 of 2nd period - Claude Giroux wins face-off versus Aleksander Barkov in Canucks zone.
14:28 of 2nd period - Shot by Gabriel Landeskog.
14:28 of 2nd period - Stopped by Henrik Lundqvist without a rebound.
14:29 of 2nd period - Jay Beagle wins face-off versus Ryan Johansen in Canucks zone.
14:34 of 2nd period - Shot by Tomas Fleischmann.
14:34 of 2nd period - Shot Misses the Net.
14:46 of 2nd period - Shot by Dominic Moore.
14:46 of 2nd period - Shot Misses the Net.
14:48 of 2nd period - Shot by Tomas Fleischmann.
14:48 of 2nd period - Shot Blocked by Simon Despres.
15:41 of 2nd period - Shot by Aleksander Barkov.
15:41 of 2nd period - Stopped by Henrik Lundqvist without a rebound.
15:42 of 2nd period - Marcus Kruger wins face-off versus Tyler Bozak in Canucks zone.
16:01 of 2nd period - Shot by Tyler Bozak.
16:01 of 2nd period - Stopped by Henrik Lundqvist without a rebound.
16:02 of 2nd period - Claude Giroux wins face-off versus Aleksander Barkov in Canucks zone.
16:11 of 2nd period - Shot by Ryan Strome.
16:11 of 2nd period - Stopped by Viktor Fasth with a rebound.
16:28 of 2nd period - Shot by Claude Giroux.
16:28 of 2nd period - Stopped by Viktor Fasth without a rebound.
16:29 of 2nd period - Tyler Bozak wins face-off versus Marcus Kruger in Oilers zone.
16:34 of 2nd period - Shot by Marco Scandella.
16:34 of 2nd period - Stopped by Henrik Lundqvist with a rebound.
16:48 of 2nd period - Shot by Matthew Nieto.
16:48 of 2nd period - Stopped by Henrik Lundqvist without a rebound.
16:49 of 2nd period - Aleksander Barkov wins face-off versus Claude Giroux in Canucks zone.
17:43 of 2nd period - Icing by Thomas Hickey.
17:44 of 2nd period - Aleksander Barkov wins face-off versus Marcus Kruger in Oilers zone.
18:26 of 2nd period - Icing by Marc-Edouard Vlasic.
18:27 of 2nd period - Tyler Bozak wins face-off versus Claude Giroux in Oilers zone.
18:45 of 2nd period - Shot by Adam Henrique.
18:45 of 2nd period - Shot Blocked by Marco Scandella.
18:55 of 2nd period - Simon Despres is hit by Matt Read and loses puck.
18:56 of 2nd period - Simon Despres from Canucks is injured at 18:56 of 2nd period (Groin).
18:57 of 2nd period - Ryan Johansen wins face-off versus Dominic Moore in Canucks zone.
19:04 of 2nd period - Shot by Ryan Johansen.
19:04 of 2nd period - Shot Blocked by Jeff Schultz.
19:12 of 2nd period - Shot by Dominic Moore.
19:12 of 2nd period - Stopped by Henrik Lundqvist without a rebound.
19:13 of 2nd period - Aleksander Barkov wins face-off versus Marcus Kruger in Canucks zone.
19:30 of 2nd period - Shot by Aleksander Barkov.
19:30 of 2nd period - Deflect By Gabriel Landeskog.
19:30 of 2nd period - Stopped by Henrik Lundqvist without a rebound.
19:31 of 2nd period - Jay Beagle wins face-off versus Ryan Johansen in Canucks zone.
19:39 of 2nd period - Erik Karlsson is hit by Jay Beagle.
Goals for this period are 1 for Oilers vs 2 for Canucks.
Shots for this period are 12 for Oilers vs 12 for Canucks.

3rd period


0:01 of 3rd period - Ryan Johansen wins face-off versus Bo Horvat in neutral zone.
0:04 of 3rd period - Shot by Logan Couture.
0:04 of 3rd period - Goal by Logan Couture - Oilers : 2 - Canucks : 5.
0:05 of 3rd period - Bo Horvat wins face-off versus Ryan Johansen in neutral zone.
0:17 of 3rd period - Shot by Bo Horvat.
0:17 of 3rd period - Stopped by Henrik Lundqvist with a rebound.
0:19 of 3rd period - Shot by Matthew Nieto.
0:19 of 3rd period - Stopped by Henrik Lundqvist without a rebound.
0:20 of 3rd period - Ryan Strome wins face-off versus Tyler Bozak in Canucks zone.
0:27 of 3rd period - Shot by Tyler Bozak.
0:27 of 3rd period - Shot Blocked by Brent Burns.
0:29 of 3rd period - Shot by Matt Read.
0:29 of 3rd period - Stopped by Henrik Lundqvist without a rebound.
0:30 of 3rd period - Ryan Johansen wins face-off versus Aleksander Barkov in Canucks zone.
0:40 of 3rd period - Shot by Gabriel Landeskog.
0:40 of 3rd period - Shot Hit the Post.
0:42 of 3rd period - Shot by Gabriel Landeskog.
0:42 of 3rd period - Stopped by Henrik Lundqvist without a rebound.
0:43 of 3rd period - Claude Giroux wins face-off versus Tyler Bozak in Canucks zone.
0:43 of 3rd period - Claude Giroux is hit by Matt Read.
1:20 of 3rd period - Icing by Brian Campbell.
1:21 of 3rd period - Ryan Johansen wins face-off versus Tyler Bozak in Oilers zone.
2:24 of 3rd period - Shot by Marc-Edouard Vlasic.
2:24 of 3rd period - Stopped by Henrik Lundqvist with a rebound.
2:26 of 3rd period - Shot by Gabriel Landeskog.
2:26 of 3rd period - Deflect By Justin Williams.
2:26 of 3rd period - Stopped by Henrik Lundqvist with a rebound.
2:28 of 3rd period - Shot by Marco Scandella.
2:28 of 3rd period - Goal by Marco Scandella - Oilers : 3 - Canucks : 5.
2:29 of 3rd period - Jay Beagle wins face-off versus Claude Giroux in neutral zone.
2:34 of 3rd period - Shot by Mathew Dumba.
2:34 of 3rd period - Stopped by Henrik Lundqvist without a rebound.
2:35 of 3rd period - Claude Giroux wins face-off versus Jay Beagle in Canucks zone.
2:42 of 3rd period - Shot by Claude Giroux.
2:42 of 3rd period - Stopped by Viktor Fasth without a rebound.
2:43 of 3rd period - Aleksander Barkov wins face-off versus Claude Giroux in Oilers zone.
2:43 of 3rd period - Aleksander Barkov is hit by Claude Giroux.
2:49 of 3rd period - Shot by Justin Williams.
2:49 of 3rd period - Stopped by Henrik Lundqvist with a rebound.
2:55 of 3rd period - Shot by Brent Burns.
2:55 of 3rd period - Stopped by Viktor Fasth without a rebound.
2:56 of 3rd period - Marcus Kruger wins face-off versus Jay Beagle in Oilers zone.
3:10 of 3rd period - Shot by Tomas Fleischmann.
3:10 of 3rd period - Shot Blocked by Alex Pietrangelo.
3:12 of 3rd period - Shot by Jay Beagle.
3:12 of 3rd period - Deflect By Tomas Fleischmann.
3:12 of 3rd period - Shot Misses the Net.
4:13 of 3rd period - Shot by Matthew Nieto.
4:13 of 3rd period - Shot Misses the Net.
4:41 of 3rd period - Marco Scandella is hit by Brent Burns and loses puck.
5:04 of 3rd period - Shot by Tyler Bozak.
5:04 of 3rd period - Stopped by Henrik Lundqvist with a rebound.
5:15 of 3rd period - Ryan Johansen is hit by Thomas Hickey and loses puck.
5:50 of 3rd period - Shot by Evgeny Kuznetsov.
5:50 of 3rd period - Shot Misses the Net.
5:52 of 3rd period - Shot by Andrei Markov.
5:52 of 3rd period - Shot Misses the Net.
5:54 of 3rd period - Shot by Adam Henrique.
5:54 of 3rd period - Stopped by Viktor Fasth with a rebound.
6:06 of 3rd period - Shot by Adam Henrique.
6:06 of 3rd period - Stopped by Viktor Fasth without a rebound.
6:07 of 3rd period - Ryan Johansen wins face-off versus Jay Beagle in Oilers zone.
7:45 of 3rd period - Icing by Jimmy Hayes.
7:46 of 3rd period - Aleksander Barkov wins face-off versus Marcus Kruger in Canucks zone.
8:04 of 3rd period - Icing by Andrei Markov.
8:05 of 3rd period - Gabriel Landeskog wins face-off versus Marcus Kruger in Canucks zone.
8:15 of 3rd period - Shot by Matthew Nieto.
8:15 of 3rd period - Stopped by Henrik Lundqvist with a rebound.
8:17 of 3rd period - Shot by Marc-Edouard Vlasic.
8:17 of 3rd period - Stopped by Henrik Lundqvist without a rebound.
8:18 of 3rd period - Ryan Johansen wins face-off versus Aleksander Barkov in Canucks zone.
8:58 of 3rd period - Thomas Hickey is hit by Logan Couture and loses puck.
9:29 of 3rd period - Shot by Adam Henrique.
9:29 of 3rd period - Shot Misses the Net.
10:42 of 3rd period - Icing by Jeff Schultz.
10:43 of 3rd period - Ryan Johansen wins face-off versus Jay Beagle in Oilers zone.
11:10 of 3rd period - Shot by Tomas Fleischmann.
11:10 of 3rd period - Shot Misses the Net.
11:38 of 3rd period - Justin Williams is hit by Claude Giroux and loses puck.
12:40 of 3rd period - Shot by Marc-Edouard Vlasic.
12:40 of 3rd period - Shot Misses the Net.
14:02 of 3rd period - Gabriel Landeskog is hit by Ryan Johansen and loses puck.
14:19 of 3rd period - Shot by Claude Giroux.
14:19 of 3rd period - Shot Blocked by Thomas Hickey.
14:49 of 3rd period - Shot by Tyler Bozak.
14:49 of 3rd period - Stopped by Henrik Lundqvist without a rebound.
14:50 of 3rd period - Jay Beagle wins face-off versus Claude Giroux in Canucks zone.
14:51 of 3rd period - Shot by Tomas Fleischmann.
14:51 of 3rd period - Stopped by Henrik Lundqvist with a rebound.
15:03 of 3rd period - Shot by Claude Giroux.
15:03 of 3rd period - Stopped by Viktor Fasth without a rebound.
15:04 of 3rd period - Tyler Bozak wins face-off versus Ryan Johansen in Oilers zone.
15:57 of 3rd period - Icing by Erik Karlsson.
15:58 of 3rd period - Marcus Kruger wins face-off versus Jay Beagle in Canucks zone.
16:09 of 3rd period - Minor Penalty to Jeff Schultz for Roughing.
16:10 of 3rd period - Dominic Moore wins face-off versus Evgeny Kuznetsov in Oilers zone.
16:18 of 3rd period - Icing by Alex Pietrangelo.
16:19 of 3rd period - Dominic Moore wins face-off versus Evgeny Kuznetsov in Canucks zone.
17:20 of 3rd period - Shot by Erik Karlsson.
17:20 of 3rd period - Stopped by Viktor Fasth without a rebound.
17:21 of 3rd period - Ryan Johansen wins face-off versus Tyler Bozak in Oilers zone.
17:26 of 3rd period - Shot by Brent Burns.
17:26 of 3rd period - Shot Misses the Net.
17:28 of 3rd period - Shot by Erik Karlsson.
17:28 of 3rd period - Shot Misses the Net.
17:30 of 3rd period - Shot by Brent Burns.
17:30 of 3rd period - Goal by Brent Burns - Oilers : 3 - Canucks : 6.
17:31 of 3rd period - Claude Giroux wins face-off versus Gabriel Landeskog in neutral zone.
18:29 of 3rd period - Off-side.
18:30 of 3rd period - Marcus Kruger wins face-off versus Jay Beagle in neutral zone.
19:12 of 3rd period - Minor Penalty to Chris Kreider for Hooking.
19:13 of 3rd period - Tyler Bozak wins face-off versus Marcus Kruger in Canucks zone.
19:30 of 3rd period - Shot by Brian Campbell.
19:30 of 3rd period - Stopped by Henrik Lundqvist without a rebound.
19:31 of 3rd period - Marcus Kruger wins face-off versus Aleksander Barkov in Canucks zone.
19:31 of 3rd period - Marcus Kruger is hit by Justin Williams.
Goals for this period are 1 for Oilers vs 2 for Canucks.
Shots for this period are 15 for Oilers vs 8 for Canucks.